 Dungeon Crawl Stone Soup version 0.17-a0-1056-g838d5c0 (webtiles) character file.

258 Lugonue the Poker (level 6, 0/47 HPs)
             Began as a Merfolk Skald on May 16, 2015.
             Slain by Grinder (4 damage)
             ... while paralysed by Grinder
             ... on level 3 of the Dungeon.
             The game lasted 00:14:24 (2387 turns).

Lugonue the Poker (Merfolk Skald)                   Turns: 2387, Time: 00:14:24

Health: 0/47       AC:  3    Str: 13    XL:     6   Next: 16%
Magic:  4/9        EV:  2    Int: 12    God:
Gold:   98         SH:  0    Dex: 14    Spells: 3 memorised, 3 levels left

rFire  + . .     SeeInvis .     s - +1 scythe (venom)
rCold  + . .     Clarity  .     e - +0 robe {rC+ rF+}
rNeg   . . .     SustAb   .     (no shield)
rPois  .         Gourm    .     k - +0 helmet
rElec  .         Spirit   .     (no cloak)
rCorr  .         Warding  .     (no gloves)
rMut   .         Stasis   .     (no boots)
MR     .....                    (no amulet)
Stlth  +.........               (no ring)
                                (no ring)

@: paralysed, not resistant to hostile enchantments, very unstealthy
A: change form in water, swift swim
a: no special abilities


You were on level 3 of the Dungeon.
You were hungry.

You visited 1 branch of the dungeon, and saw 3 of its levels.

You collected 98 gold pieces.

Inventory:

Hand weapons
 a - a +0 spear
 m - a +0 spear
 s - a +1 scythe of venom (weapon)
Armour
 e - a +0 robe of resistance (worn)
 k - a +0 helmet (worn)
Magical devices
 b - a wand of confusion (44)
Scrolls
 f - a scroll of recharging
 g - a scroll of teleportation {unknown}
 l - a scroll of remove curse
 n - a scroll of magic mapping {unknown}
 u - 3 scrolls of enchant weapon {unknown}
Potions
 j - a potion of lignification
 q - a potion of might {unknown}
 r - a potion of cancellation {unknown}
 t - a potion of haste {unknown}
 v - a potion of magic {unknown}
Books
 c - a book of Battle

   Spells                             Type                      Level
   a - Infusion                       Charms                       1
   b - Shroud of Golubria             Charms/Translocation         2
   c - Song of Slaying                Charms                       2
   d - Spectral Weapon                Hexes/Charms                 3
   e - Regeneration                   Charms/Necromancy            3
Comestibles
 d - 6 bread rations
 h - a royal jelly
 i - 11 fruits
 o - a slice of pizza
 p - a meat ration


   Skills:
 - Level 3.4 Fighting
 + Level 6.3 Polearms
 - Level 0.8 Armour
 - Level 1.5 Dodging
 - Level 2.3 Spellcasting
 - Level 4.8 Charms


You had 3 spell levels left.
You knew the following spells:

 Your Spells              Type           Power        Failure   Level  Hunger
a - Infusion              Chrm           ##....       4%          1    ##.....
b - Shroud of Golubria    Chrm/Tloc      #.........   14%         2    ###....
c - Spectral Weapon       Hex/Chrm       #.......     30%         3    ####...


Dungeon Overview and Level Annotations

Branches:
Dungeon (3/15)

Altars:
Fedhas
Qazlal

Annotations:
D:3 Grinder


Message History

You hit Grinder.
Grinder is moderately wounded.
Your shroud begins to fray at the edges.
Your spectral weapon hits Grinder from afar.
Grinder is poisoned.
Grinder hits you!
You barely miss Grinder.
Grinder is heavily wounded.
Your spectral weapon hits Grinder from afar!
Your shroud bends Grinder's attack away.
Grinder gestures at you.
You suddenly lose the ability to move!
Your shroud bends Grinder's attack away.
Grinder hits you.
Your shroud unravels.
Grinder hits you.
* * * LOW HITPOINT WARNING * * *
You writhe in agony.
* * * LOW HITPOINT WARNING * * *
Grinder hits you.
You die...

.........#
.........######
.............. #.. ....
.... ## #.###..###..#
.# #.#.#)...#..# #
.#####.#.#†.###..###..#
......................#
.####..###..###.@###..#
.# ##.# #..#..†5(.# .#
#.# #..###..### ## #..
.... ....
#.###..###..## #.. #..#
...# #.# #..# #..# ####
.. .... .... ....


You could see Grinder and a friendly spectral scythe of venom.

Vanquished Creatures
  Sigmund (D:2)
  An orc wizard (D:3)
  Robin (D:2)
  2 adders (D:3)
  A worm (D:2)
  3 giant geckos
  3 orcs (D:3)
  2 ball pythons
  4 giant cockroaches
  14 goblins
  13 hobgoblins
  4 jackals (D:2)
  4 kobolds (D:2)
  A quokka (D:3)
  4 bats
  4 giant newts
  7 rats
69 creatures vanquished.

Vanquished Creatures (others)
  A spectral weapon (D:3)
1 creature vanquished.

Grand Total: 70 creatures vanquished

Notes
Turn   | Place    | Note
--------------------------------------------------------------
     0 | D:1      | Lugonue the Merfolk Skald began the quest for the Orb.
     0 | D:1      | Reached XP level 1. HP: 16/16 MP: 3/3
    78 | D:1      | Reached XP level 2. HP: 5/23 MP: 0/5
   888 | D:1      | Reached XP level 3. HP: 25/28 MP: 6/6
  1164 | D:2      | Reached skill level 4 in Charms
  1182 | D:2      | Learned a level 2 spell: Shroud of Golubria
  1519 | D:2      | Noticed Robin
  1577 | D:2      | Learned a level 3 spell: Spectral Weapon
  1600 | D:2      | Killed Robin
  1600 | D:2      | Reached XP level 4. HP: 25/34 MP: 1/7
  1768 | D:2      | Noticed Sigmund
  1780 | D:2      | Killed Sigmund
  1780 | D:2      | Reached skill level 5 in Polearms
  1780 | D:2      | Reached XP level 5. HP: 35/41 MP: 0/8
  2018 | D:3      | Found a blossoming altar of Fedhas.
  2020 | D:3      | Found a stormy altar of Qazlal.
  2044 | D:3      | Reached skill level 6 in Polearms
  2044 | D:3      | Reached XP level 6. HP: 36/47 MP: 5/9
  2366 | D:3      | Noticed Grinder
  2371 | D:3      | Paralysed by Grinder for 5 turns
  2383 | D:3      | Paralysed by Grinder for 6 turns
  2387 | D:3      | Slain by Grinder

Vault maps used:
D:1:      lightli_arrival_chessboard
D:2:      first_bread, uniq_robin, uniq_sigmund
D:3:      minmay_door_path, grunt_temple_overflow_forces_of_nature,
          minmay_misc_feat_nine_boxes, uniq_grinder

Action                   |  1- 3 |  4- 6 || total
-------------------------+-------+-------++-------
Melee: Spear             |   170 |    18 ||   188
       Scythe            |       |    42 ||    42
 Cast: Infusion          |     5 |     2 ||     7
       Shroud of Golubri |     3 |     6 ||     9
       Spectral Weapon   |       |     4 ||     4
Evoke: Wand              |       |     6 ||     6
  Use: Scroll            |     1 |     3 ||     4
       Potion            |     1 |       ||     1
 Stab: Sleeping          |     2 |     1 ||     3
  Eat: Chunk             |     2 |     2 ||     4
       Pizza             |     1 |       ||     1
